 Dungeon Crawl Stone Soup version 0.25.0-9-g26727b6 (webtiles) character file.

Game seed: 7681416910815447719

653 ratboy the Skirmisher (level 7, -1/63 HPs)
             Began as a Ghoul Monk on June 20, 2020.
             Slain by Prince Ribbit (15 damage)
             ... on level 4 of the Dungeon.
             The game lasted 00:08:59 (3504 turns).

ratboy the Skirmisher (Ghoul Monk)                  Turns: 3504, Time: 00:09:00

Health: -1/63      AC: 11    Str: 17    XL:     7   Next: 54%
Magic:  6/6        EV:  7    Int:  5    God:
Gold:   255        SH:  0    Dex: 11    Spells: 6/6 levels left

rFire    . . .     SeeInvis +     - Unarmed
rCold    + . .     Gourm    .   (no shield)
rNeg     + + +     Faith    .   a - +0 chain mail {rN+}
rPois    ∞         Spirit   .   (no helmet)
rElec    .         Reflect  .   (no cloak)
rCorr    .         Harm     .   (no gloves)
MR       .....                  h - +2 pair of boots
Stlth    ..........             (no amulet)
HPRegen  0.00/turn              (no ring)
MPRegen  0.10/turn              l - ring of see invisible

@: rotting
A: rotting body, claws 1, carnivore, cold resistance 1, negative energy
resistance 3, inhibited regeneration, torment resistance, unbreathing
a: no special abilities


You were on level 4 of the Dungeon.
You were not hungry.

You visited 1 branch of the dungeon, and saw 5 of its levels.

You collected 255 gold pieces.

Inventory:

Missiles
 e - 4 curare-tipped darts
 f - 7 javelins
 k - 12 boomerangs (quivered)
 p - 56 poisoned darts
Armour
 a - a +0 chain mail of positive energy (worn)
 h - a +2 pair of boots (worn)
Jewellery
 l - a ring of see invisible (right claw)
Wands
 s - a wand of disintegration (3)
Scrolls
 d - a scroll of random uselessness {unknown}
 g - a scroll of enchant armour {unknown}
 j - a scroll of remove curse
 m - a scroll of fog {unknown}
 n - a scroll of immolation {unknown}
 o - a scroll of identify {unknown}
 r - a scroll of teleportation {unknown}
 w - a scroll of amnesia {unknown}
Potions
 c - 2 potions of degeneration {unknown}
 i - a potion of stabbing {unknown}
 q - a potion of brilliance {unknown}
 t - 2 potions of flight {unknown}
 u - 2 potions of heal wounds
 v - a potion of cancellation {unknown}
 x - a potion of invisibility {unknown}
Comestibles
 b - 8 rations
 z - 3 chunks of flesh


   Skills:
 + Level 6.0 Fighting
 - Level 2.6 Dodging
 + Level 5.9 Stealth
 + Level 5.9 Unarmed Combat


You had 6 spell levels left.
You didn't know any spells.
Your spell library was empty.

Dungeon Overview and Level Annotations

Branches:
Dungeon (5/15)
 Temple: D:4-7

Altars:
Elyvilon
Fedhas
Kikubaaqudgha

Annotations:
D:4 Prince Ribbit


Innate Abilities, Weirdness & Mutations

Your body is rotting away.
You thrive on raw meat.
You are immune to poison.
You have sharp fingernails.
You are carnivorous and can eat meat at any time.
Your flesh is cold resistant. (rC+)
You are immune to negative energy. (rN+++)
You do not regenerate when monsters are visible.
You are immune to unholy pain and torment.
You can survive without breathing.


Message History

You miss Prince Ribbit. Prince Ribbit hits you.
You claw Prince Ribbit!
Prince Ribbit is moderately wounded.
Prince Ribbit blinks!
You closely miss Prince Ribbit.
Prince Ribbit is moderately wounded.
Prince Ribbit hits you but does no damage.
You barely miss Prince Ribbit.
Prince Ribbit is moderately wounded.
Prince Ribbit hits you.
Prince Ribbit lets out a mournful croak.
Prince Ribbit hits you!
* * * LOW HITPOINT WARNING * * *
You miss Prince Ribbit.
Prince Ribbit is moderately wounded.
Prince Ribbit hits you!
* * * LOW HITPOINT WARNING * * *
Prince Ribbit asks, "Just a little smooch?"
Prince Ribbit hits you!
You die...

###...## #....... ####.....#
#......# ####.......## #.....##
###...........## #....##
...............# #...##
.........<.....### #..##
.................### #..#
#..................#########..#
.................n....##...#..##
................F..............##
......................###.##....##
.....................##.#.#......##
.......(.............#.##.#.......#
#.....................##...........
##................##.....#.........
##..............##.#...##.........
###............#.##..............


You could see Prince Ribbit.

Vanquished Creatures
  Grinder (D:4)
  A phantom (D:3)
  2 orc priests
  A hound (D:4)
  A bullfrog skeleton (D:4)
  3 worker ants
  2 orc wizards
  3 adders
  A worm (D:3)
  4 dart slugs
  3 leopard geckos
  13 orcs
  A ball python (D:1)
  4 bats
  4 giant cockroaches
  11 goblins
  6 hobgoblins
  2 jackals (D:3)
  A quokka (D:4)
  4 frilled lizards
  6 kobolds
  8 rats
82 creatures vanquished.

Notes
Turn   | Place    | Note
-------+----------+-------------------------------------------
     0 | D:1      | ratboy the Ghoul Monk began the quest for the Orb.
     0 | D:1      | Reached XP level 1. HP: 19/19 MP: 0/0
     5 | D:1      | Noticed an electric eel
   109 | D:1      | Reached XP level 2. HP: 20/26 MP: 1/1
   577 | D:1      | Reached XP level 3. HP: 32/33 MP: 2/2
  1071 | D:2      | Reached skill level 4 in Fighting
  1172 | D:2      | Found a white marble altar of Elyvilon.
  1552 | D:3      | Reached XP level 4. HP: 40/40 MP: 3/3
  1582 | D:3      | Found an ancient bone altar of Kikubaaqudgha.
  1583 | D:3      | Found a blossoming altar of Fedhas.
  2110 | D:3      | Reached XP level 5. HP: 42/47 MP: 4/4
  2533 | D:4      | Noticed a phantom
  2625 | D:3      | Killed a phantom
  2625 | D:3      | Reached skill level 5 in Fighting
  2625 | D:3      | Reached skill level 5 in Unarmed Combat
  2625 | D:3      | Reached XP level 6. HP: 52/56 MP: 5/5
  2896 | D:4      | Reached skill level 5 in Stealth
  2908 | D:4      | Noticed Grinder
  2913 | D:4      | Paralysed by Grinder for 6 turns
  2927 | D:4      | Killed Grinder
  2927 | D:4      | Reached XP level 7. HP: 25/62 MP: 6/6
  3466 | D:5      | Entered Level 5 of the Dungeon
  3470 | D:5      | Reached skill level 6 in Fighting
  3484 | D:5      | Noticed Prince Ribbit
  3504 | D:4      | Slain by Prince Ribbit

Illustrated notes

Levels and vault maps discovered:
D:1:      arrival_aquarium_a, layout_rooms, st_stairs_4
D:2:      layout_loops_ring, elyvilon_altar_4
D:3:      layout_basic, grunt_temple_overflow_growth_and_decay, first_ration
D:4:      layout_cave_pods, minmay_bisected, uniq_grinder
D:5:      layout_loops_ring, grunt_temple_overflow_order_and_chaos_1,
          dancing_weapons_uskayaw, minmay_temple_entry_drinking_statues,
          nicolae_qazlal_general_emergency, uniq_prince_ribbit1,
          uniq_blork_the_orc

Skill      XL: |  1  2  3  4  5  6  7 |
---------------+----------------------+-----
Stealth        | 3 4 5 |  5.9
Fighting       | 4 5 6 |  6.0
Unarmed Combat | 4 5 |  5.9
Dodging        | |  2.6

Action                   |  1- 3 |  4- 6 |  7- 9 || total
-------------------------+-------+-------+-------++-------
Melee: Unarmed           |   108 |   189 |    16 ||   313
       Punch             |     2 |     4 |       ||     6
Throw: Stone             |     1 |       |       ||     1
       Boomerang         |       |    12 |       ||    12
Evoke: Wand              |       |     1 |     1 ||     2
  Use: Scroll            |       |     2 |       ||     2
 Stab: Sleeping          |     3 |     5 |       ||     8
  Eat: Chunk             |     7 |     8 |     5 ||    20
Armor: Robe              |    16 |    23 |       ||    39
       Chain mail        |       |    52 |     6 ||    58
Dodge: Dodged            |    72 |    80 |     4 ||   156
